[Event "Dvaro taure"]
[Site "Taujenai, Lithuania"]
[Date "2021.11.28"]
[Round "6.1"]
[White "Salna, Aleksandras"]
[Black "Laurusas, Tomas"]
[Result "0-1"]
[WhiteElo "2088"]
[BlackElo "2550"]
[PlyCount "78"]
[EventDate "2021.??.??"]
[TimeControl "10+5"]
[WhiteClock "0:01:10"]
[BlackClock "0:01:19"]

1. c4 e6 2. d4 Nf6 3. Nc3 Bb4 4. Qc2 d6 5. a3 Bxc3+ 6. Qxc3 Nbd7 7. Nf3 b6 8.
e3 Bb7 9. Be2 O-O 10. O-O c5 11. b4 Rc8 12. dxc5 bxc5 13. b5 Ne4 14. Qc2 Qf6 15. Bb2 Qg6 16. Bd3 f5 17. Ne1 e5 18. Rd1 Ng5 19. f4 Ne4 20.
Bxe4 Bxe4 21. Qd2 Rf6 22. fxe5 Nxe5 23. Bxe5 dxe5 24. Nf3 Re8 25. Qa5 Qh6 26. Rd8 Qxe3+ 27. Kh1 Rff8 28. Rxe8 Rxe8 29. Qxa7 Bxf3 30. gxf3 Qd3 31. Kg2 h6 32. Qxc5 Kh8 33. Qd5 Qxa3 34. Rf2 Qe3 35. Qf7 Qg5+ 36. Kh3 Re7 37. Qf8+ Kh7 38. Qd8 e4 39. fxe4 Qg4# 0-1

[Event "Dvaro taure"]
[Site "Taujenai, Lithuania"]
[Date "2021.11.28"]
[Round "6.2"]
[White "Kalvaitis, Sigitas"]
[Black "Greicius, Pijus"]
[Result "1-0"]
[WhiteElo "2171"]
[BlackElo "1949"]
[PlyCount "73"]
[EventDate "2021.??.??"]
[TimeControl "10+5"]
[WhiteClock "0:02:21"]
[BlackClock "0:01:08"]

1. e4 e5 2. Nf3 Nc6 3. Bc4 Nf6 4. d3 Bc5 5. O-O a6 6. c3 d6 7. b4 Ba7 8.
Be3 O-O 9. Bxa7 Rxa7 10. Nbd2 Bg4 11. a4 d5 12. exd5 Nxd5 13. Ne4 h6 14. h3 Bh5 15. Ra3 Nf4 16. Ng3 Bg6 17. Ne1 Qh4 18. Qf3 Raa8 19. Qe3 Rad8 20. Nf3 Qe7 21. Rd1 a5 22. Raa1 axb4 23. cxb4 Nxb4 24. Nxe5 Nbxd3 25. Nxg6 Qxe3 26. fxe3 Nb2 27. Ne7+ Kh7 28.
Rxd8 Rxd8 29. Bxf7 Rd7 30. exf4 Rxe7 31. Bd5 c6 32. Be4+ Kh8 33. a5 c5 34. Rb1 Nc4 35. a6 b6 36. Bd5 Ne3 37. Bb7 1-0

[Event "Dvaro taure"]
[Site "Taujenai, Lithuania"]
[Date "2021.11.28"]
[Round "6.3"]
[White "Baliasnyj, Timur"]
[Black "Viskelis, Darius"]
[Result "0-1"]
[WhiteElo "2001"]
[BlackElo "1981"]
[PlyCount "35"]
[EventDate "2021.??.??"]
[TimeControl "10+5"]
[WhiteClock "0:03:15"]
[BlackClock "0:01:23"]

1. c4 e6 2. Nf3 d5 3. g3 c5 4. Bg2 Nc6 5. O-O d4 6. e3 e5 7. exd4 exd4 8. Re1+ Be7 9. Qe2 Nf6 10. Ne5 Nb4 11. d3 O-O 12. a3 Qa5 13. Nd2 Nc2 14. b4 Qa4 15.
Qd1 cxb4 16. Rb1 bxa3 17. Bxb7 a2 18. Ra1 0-1

[Event "Dvaro taure"]
[Site "Taujenai, Lithuania"]
[Date "2021.11.28"]
[Round "6.4"]
[White "Sumskis, Rimvydas"]
[Black "Povilaitis, Tomas"]
[Result "0-1"]
[WhiteElo "1895"]
[BlackElo "1986"]
[PlyCount "181"]
[EventDate "2021.??.??"]
[TimeControl "10+5"]
[BlackClock "0:00:50"]

1. e4 c5 2. Nc3 Nc6 3. Nf3 d6 4. d4 cxd4 5. Nxd4 e5 6. Nb3 Be6 7. Be3 Nf6 8. Be2 a5 9. a3 a4 10. Nd2 Be7 11. Nc4 O-O 12. O-O Rb8 13.
Nb6 Nd7 14. Nbd5 Bg5 15. Nxa4 Bxe3 16. Nxe3 Nd4 17. Nc3 Qb6 18. Rb1 Rfc8 19. Ned5 Qd8 20. Bd3 Nc5 21. Kh1 Nxd3 22. Qxd3 Bxd5 23. exd5 f5 24. f4 Qf6 25. Rbd1 b5 26. Rd2 b4 27. axb4 Rxb4 28. fxe5 dxe5 29. Ne2 Nxe2 30. Rxe2 Rxb2 31. d6 Rd8 32. Qd5+ Kh8 33. Qxe5 Qxe5 34. Rxe5 g6 35. Rd5 Rxc2 36. h3 Rc6 37. d7 Rc7 38. Rfd1 Kg7 39. Kh2 Kf7 40. R5d3 Ke6 41. Re1+ Kf7 42. Red1 Rc6 43. Re1 Re6 44. Red1 Ke7 45. Kg3 h6 46. h4 Re4 47. Kf3 Rxh4 48. Re1+ Re4 49. Rxe4+ fxe4+ 50. Kxe4 Rxd7 51. Ra3 Kf6 52. Kf4 Rd4+ 53. Kf3 Rd5 54. g3 Kf5 55.
Rb3 h5 56. Ra3 Rb5 57. Rc3 g5 58. Ra3 Ke5 59. Rc3 Kd4 60. Ra3 Rf5+ 61. Kg2 Rc5 62. Ra4+ Ke3 63. Ra3+ Ke4 64. Ra4+ Kf5 65. Ra2 Rc4 66. Rb2 Rc5 67. Ra2 Rd5 68. Rb2 Ke4 69. Ra2 Ke3 70. Ra3+ Ke4 71. Ra2 g4 72.
Rb2 Ke3 73. Rb3+ Rd3 74. Rb5 Rd2+ 75. Kg1 Kf3 76. Rxh5 Kxg3 77.
Kf1 Rf2+ 78. Ke1 Kg2 79. Rg5 g3 80. Rh5 Rf1+ 81. Ke2 Rf8 82. Rh7 Re8+ 83. Kd3 Kg1 84. Rg7 g2 85. Rh7 Re5 86. Rh8 Kf2 87. Rf8+ Kg3 88. Rg8+ Kf3 89. Rf8+ Kg4 90. Rg8+ Rg5 91. Kd4 0-1

[Event "Dvaro taure"]
[Site "Taujenai, Lithuania"]
[Date "2021.11.28"]
[Round "6.5"]
[White "Juknis, Paulius"]
[Black "Bagdanskis, Dangis"]
[Result "1/2-1/2"]
[WhiteElo "2059"]
[BlackElo "1861"]
[PlyCount "63"]
[EventDate "2021.??.??"]
[TimeControl "10+5"]
[WhiteClock "0:02:04"]
[BlackClock "0:05:55"]

1. e4 e5 2. Bc4 Nf6 3. d4 exd4 4. Nf3 d6 5. Ng5 d5 6. exd5 Bd6 7. O-O O-O 8.
Qxd4 Nc6 9. Qh4 Ne5 10. Bb3 Bf5 11. Nd2 h6 12. Ngf3 Ng6 13. Qd4 Nf4 14. Kh1 Re8 15. Nc4 Ne2 16. Qd1 Bg4 17. Qd3 Bf4 18. Be3 Bxf3 19. gxf3 Qxd5 20. Qxd5 Nxd5 21. Rfe1 b5 22. Rxe2 bxc4 23. Bxc4 Nxe3 24. fxe3 Rxe3 25.
Rxe3 Bxe3 26. Rd1 Rf8 27. Rd7 Bb6 28. a4 a5 29. Kg2 g5 30. c3 Kg7 31. b4 Kg6 32. Rd5 1/2-1/2

[Event "Dvaro taure"]
[Site "Taujenai, Lithuania"]
[Date "2021.11.28"]
[Round "6.6"]
[White "Bazilius, Augustinas"]
[Black "Valantiejus, Vaidotas"]
[Result "1/2-1/2"]
[WhiteElo "1911"]
[BlackElo "1962"]
[PlyCount "49"]
[EventDate "2021.??.??"]
[TimeControl "10+5"]
[WhiteClock "0:01:24"]
[BlackClock "0:00:40"]

1. Nf3 d5 2. d4 e6 3. c4 c5 4. dxc5 Bxc5 5. e3 Nf6 6. Be2 O-O 7. O-O a6 8. a4 Nc6 9. Nc3 Ba7 10. b3 dxc4 11. Ba3 Re8 12. Qxd8 Rxd8 13. Bxc4 Bd7 14. Rad1 Be8 15. b4 Rac8 16. Rxd8 Nxd8 17. Nd2 Nc6 18. Rc1 Ne5 19. Be2 h6 20. b5 axb5 21. Nxb5 Rxc1+ 22. Bxc1 Bb6 23. Nc4 Nxc4 24. Bxc4 Bc6 25. Bb2 1/2-1/2

[Event "Dvaro taure"]
[Site "Taujenai, Lithuania"]
[Date "2021.11.28"]
[Round "6.7"]
[White "Bagvilas, Lukas"]
[Black "Posaskov, Nikita"]
[Result "1-0"]
[WhiteElo "2022"]
[BlackElo "1971"]
[PlyCount "135"]
[EventDate "2021.??.??"]
[TimeControl "10+5"]
[WhiteClock "0:00:14"]
[BlackClock "0:00:09"]

1. e4 c6 2. Nc3 d5 3. Nf3 dxe4 4. Nxe4 Nf6 5. Qe2 Nxe4 6. Qxe4 Qd5 7. Qf4 Qf5 8. d3 g6 9. Qxf5 Bxf5 10. Be3 Bg7 11. O-O-O Na6 12. Bd4 O-O 13. Be2 Nb4 14. a3 Nd5 15.
Bxg7 Kxg7 16. Nd4 Bd7 17. Bf3 e5 18. Nb3 f5 19. Nc5 Bc8 20.
Rhe1 Kf6 21. g3 b6 22. Nb3 Bb7 23. Bg2 Rad8 24. Re2 Rfe8 25. Rde1 g5 26. Nd2 g4 27. Nc4 c5 28. Nxe5 Rf8 29. Nc4 Bc8 30. Bxd5 Rxd5 31. Re7 Rf7 32. Rxf7+ Kxf7 33. Kd2 Ba6 34. Ne3 Re5 35. Ng2 Rxe1 36. Kxe1 Bb7 37. Nf4 Kf6 38. Kd2 Ke5 39. Ke3 b5 40. c3 a5 41. d4+ cxd4+ 42. cxd4+ Kd6 43. b4 axb4 44.
axb4 Be4 45. Kd2 Bf3 46. Kc3 Be4 47. Nh5 Ke6 48. Kd2 Kf7 49. Ke3 Kg6 50. Nf4+ Kf6 51. Ne2 Bc6 52. Kf4 Bd7 53. Nc3 h6 54. d5 Be8 55. Ne2 Bf7 56. Nd4 Bxd5 57. Nxb5 Bb7 58. Nd4 Be4 59. b5 h5 60. f3 gxf3 61. Nxf3 Bb7 62. Nd4 Be4 63. Nc6 Ke6 64. Nd4+ Kf6 65. b6 Kg6 66. h3 Kf6 67. h4 Ke7 68.
Nxf5+ 1-0

[Event "Dvaro taure"]
[Site "Taujenai, Lithuania"]
[Date "2021.11.28"]
[Round "6.8"]
[White "Stremavicius, Pijus"]
[Black "Breikss, Peteris"]
[Result "1-0"]
[WhiteElo "2175"]
[BlackElo "1622"]
[PlyCount "111"]
[EventDate "2021.??.??"]
[TimeControl "10+5"]
[WhiteClock "0:04:54"]
[BlackClock "0:02:16"]

1. e4 c5 2. Nf3 Nc6 3. Bb5 g6 4. O-O Bg7 5. Re1 Nf6 6. Nc3 O-O 7. e5 Ne8 8. d3 d5 9. exd6 Nxd6 10. Bxc6 bxc6 11. h3 Ba6 12. Bg5 f6 13.
Be3 Qa5 14. Nd2 c4 15. d4 Nf5 16. Qf3 Qb6 17. Na4 Qb5 18. Nc5 Nxe3 19. Qxe3 e5 20. Nxa6 Qxa6 21. dxe5 fxe5 22. Ne4 Qb5 23. b3 cxb3 24. cxb3 a5 25. Rac1 Ra6 26. Rc5 Qb4 27. Rc4 Qa3 28. Nc5 Raa8 29. Ne6 Rf7 30. Nxg7 Rxg7 31. Ra4 Qb2 32. Qxe5 Qxe5 33. Rxe5 Rd7 34. Rexa5 Rxa5 35. Rxa5 Rd1+ 36. Kh2 Rd2 37. Kg3 Kf7 38. Kf3 Ke6 39. Ke3 Rb2 40. g4 h6 41. h4 Kd6 42. Ra8 Ke6 43. f3 Rh2 44. Rg8 Kf7 45.
Rc8 Rxa2 46. Rxc6 Rb2 47. Rb6 Rb1 48. Kf4 Rb2 49. h5 gxh5 50.
gxh5 Rh2 51. Rxh6 Rh4+ 52. Kg5 Rb4 53. Rf6+ Kg7 54. h6+ Kg8 55. Kg6 Rxb3 56. h7+ 1-0

[Event "Dvaro taure"]
[Site "Taujenai, Lithuania"]
[Date "2021.11.28"]
[Round "6.9"]
[White "Andrusevics, Jegors"]
[Black "Aleknavicius, Andrius"]
[Result "0-1"]
[WhiteElo "1586"]
[BlackElo "1942"]
[PlyCount "68"]
[EventDate "2021.??.??"]
[TimeControl "10+5"]
[WhiteClock "0:00:30"]
[BlackClock "0:00:23"]

1. d4 f5 2. c4 Nf6 3. Nc3 d6 4. Bg5 Nbd7 5. Nf3 g6 6. g3 Bg7 7. Bg2 O-O 8.
O-O h6 9. Bxf6 Nxf6 10. h4 Qe8 11. Rc1 e5 12. Nb5 Qe7 13. c5 e4 14. cxd6 cxd6 15. Nd2 Nd5 16. e3 a6 17. Nc3 Be6 18. Nxd5 Bxd5 19. Re1 Rfc8 20. Bf1 b5 21. a4 Qb7 22. a5 Rc7 23. Rxc7 Qxc7 24. g4 Qd7 25.
Bh3 Be6 26. gxf5 Bxf5 27.
Bxf5 Qxf5 28. Kh2 Qxf2+ 29. Kh3 Bf6 30. Qg4 Qxe1 31. Qxg6+ Bg7 32. Nxe4 Qxe3+ 33. Kg2 Rf8 34. Qe6+ Kh8 0-1

[Event "Dvaro taure"]
[Site "Taujenai, Lithuania"]
[Date "2021.11.28"]
[Round "6.10"]
[White "Posaskov, Sergej"]
[Black "Povilaitis, Matas"]
[Result "0-1"]
[WhiteElo "1539"]
[BlackElo "1910"]
[PlyCount "98"]
[EventDate "2021.??.??"]
[TimeControl "10+5"]
[WhiteClock "0:01:28"]
[BlackClock "0:02:24"]

1. d4 d5 2. c4 c6 3. Nc3 Nf6 4. Bf4 e6 5. Nf3 Nbd7 6. e3 Be7 7. Be2 dxc4 8.
Bxc4 b5 9. Bb3 a6 10. O-O Bb7 11. e4 Rc8 12. Re1 O-O 13. Rc1 Nb6 14. Qd3 c5 15. Bc2 g6 16. Bh6 Re8 17. Be3 Nc4 18. b3 Nxe3 19. fxe3 b4 20.
Na4 Nxe4 21. Qf1 cxd4 22. Nxd4 Bf6 23. Bxe4 Rxc1 24. Rxc1 Bxe4 25. Nc6 Qd2 26. Re1 Bxc6 27. Re2 Qd5 28. Qxf6 Qd1+ 29. Qf1 Qxf1+ 30. Kxf1 Bb5 31. Nb2 Bxe2+ 32. Kxe2 Kf8 33. Nc4 Rd8 34. h3 Ke7 35.
Ne5 Rc8 36. Kd2 f6 37. Nc4 Rc5 38. e4 Kd7 39. Kd3 Kc6 40. Kd4 Rg5 41. Ne3 h5 42. Kc4 Ra5 43. g4 Rxa2 44. Kxb4 Rh2 45. gxh5 gxh5 46. Nc4 Rxh3 47. Na5+ Kc7 48. Kc5 Re3 49. Kd4 Re1 0-1

[Event "Dvaro taure"]
[Site "Taujenai, Lithuania"]
[Date "2021.11.28"]
[Round "6.11"]
[White "Griksaite, Egle"]
[Black "Maciuitis, Ignas"]
[Result "1-0"]
[WhiteElo "1508"]
[BlackElo "1862"]
[PlyCount "55"]
[EventDate "2021.??.??"]
[TimeControl "10+5"]
[WhiteClock "0:02:09"]
[BlackClock "0:01:55"]

1. d4 f5 2. c3 Nf6 3. Bg5 e6 4. e3 d5 5. Bd3 Be7 6. Nd2 Ne4 7. Bxe7 Qxe7 8.
Ngf3 O-O 9. Ne5 Nd7 10. Ndf3 Ng5 11. O-O Nxf3+ 12. Nxf3 f4 13.
Bc2 Qf6 14. Qd3 Qh6 15. e4 dxe4 16. Qxe4 Nf6 17. Qd3 b6 18. Rae1 a5 19. Bb3 Nd5 20. Re5 Bb7 21. Rfe1 Rf6 22. Ng5 f3 23. Nxe6 fxg2 24. Nxc7 Rd8 25. Nxd5 Bxd5 26. Bxd5+ Kf8 27. Qe4 Rd7 28.
Re8# 1-0

[Event "Dvaro taure"]
[Site "Taujenai, Lithuania"]
[Date "2021.11.28"]
[Round "6.12"]
[White "Spevak, Dovydas"]
[Black "Tilvikas, Justas"]
[Result "1/2-1/2"]
[WhiteElo "1523"]
[BlackElo "1849"]
[PlyCount "58"]
[EventDate "2021.??.??"]
[TimeControl "10+5"]
[WhiteClock "0:01:34"]
[BlackClock "0:00:41"]

1. f4 c5 2. Nf3 d6 3. e3 Nc6 4. Bb5 Bd7 5. b3 a6 6. Bxc6 Bxc6 7. O-O Nf6 8.
d3 g6 9. Bb2 Bg7 10. Nbd2 O-O 11. Qe1 e6 12. c4 b5 13. h3 bxc4 14. Nxc4 a5 15. Qd2 Qc7 16. Rfc1 Rfb8 17. Qc2 a4 18. Kh1 h6 19. Kg1 Rb7 20.
d4 axb3 21. axb3 Rxa1 22. Rxa1 cxd4 23. Nxd4 Be4 24. Qc3 Nd5 25. Qd2 Nb4 26. Nf3 Bxb2 27. Qxb2 Bxf3 28. gxf3 Nd3 29. Qd4 Qd8 1/2-1/2

[Event "Dvaro taure"]
[Site "Taujenai, Lithuania"]
[Date "2021.11.28"]
[Round "6.14"]
[White "Zaura, Vidmantas"]
[Black "Jonaitis, Herkus"]
[Result "1-0"]
[WhiteElo "1971"]
[BlackElo "1277"]
[PlyCount "65"]
[EventDate "2021.??.??"]
[TimeControl "10+5"]
[WhiteClock "0:03:43"]
[BlackClock "0:06:34"]

1. Nf3 d5 2. c4 e6 3. b3 Nf6 4. Bb2 c6 5. g3 Nbd7 6. Bg2 Bc5 7. O-O dxc4 8.
bxc4 Qb6 9. Qc2 Be7 10. Nc3 O-O 11. Rab1 Qc7 12. d3 b6 13. e4 Nc5 14. d4 Nb7 15. e5 Nd7 16. Ne4 c5 17. d5 exd5 18. cxd5 Bd8 19. d6 Qc6 20.
Nfg5 Qb5 21. Nxh7 Re8 22. Neg5 g6 23. Bd5 Nxe5 24. Bxe5 Qd7 25. Bxf7+ Qxf7 26. Nxf7 Kxh7 27. Qd2 Rxe5 28. Qh6+ Kg8 29. Qxg6+ Kf8 30. Nxe5 Nxd6 31. Qxd6+ Be7 32. Qg6 Bd6 33.
Qf7# 1-0

[Event "Dvaro taure"]
[Site "Taujenai, Lithuania"]
[Date "2021.11.28"]
[Round "6.15"]
[White "Gerasimovic, Stanislav"]
[Black "Mulevicius, Andrius"]
[Result "1/2-1/2"]
[WhiteElo "1790"]
[BlackElo "1698"]
[PlyCount "98"]
[EventDate "2021.??.??"]
[TimeControl "10+5"]
[WhiteClock "0:02:26"]
[BlackClock "0:00:13"]

1. e4 d6 2. d4 c6 3. Nc3 Qc7 4. f4 g6 5. Nf3 Bg4 6. Be2 Bg7 7. O-O e6 8. h3 Bxf3 9. Bxf3 Ne7 10. Be3 O-O 11. Qd2 Re8 12. Rab1 Nd7 13. b4 a6 14. a4 Rac8 15. Qd3 c5 16. dxc5 dxc5 17. b5 c4 18. Qd2 Red8 19. Qe1 Nc5 20. e5 Nf5 21. Bf2 Nd4 22. Bxd4 Rxd4 23. Ne4 Nxe4 24. Bxe4 Qc5 25. Kh2 Rc7 26. bxa6 bxa6 27. c3 Rd8 28. Qf2 Bf8 29. Qh4 Be7 30. Qe1 Qa5 31. Bc2 Rcd7 32. Rf2 Bc5 33. Re2 Be7 34. Rd1 Rxd1 35. Bxd1 Qd5 36. Bc2 Qc5 37. Rd2 Rxd2 38. Qxd2 Qd5 39. Qe2 Ba3 40. Be4 Qc5 41. Qd2 Kg7 42. Qd8 Qe3 43. Qf6+ Kg8 44. Bc6 Bc5 45. Be8 Qg1+ 46. Kg3 Qf2+ 47. Kh2 Qg1+ 48. Kg3 Qf2+ 49. Kh2 Qg1+ 1/2-1/2

[Event "Dvaro taure"]
[Site "Taujenai, Lithuania"]
[Date "2021.11.28"]
[Round "6.16"]
[White "Ratkevicius, Andrius"]
[Black "Satkauskas, Benediktas"]
[Result "1-0"]
[WhiteElo "1394"]
[BlackElo "1392"]
[PlyCount "71"]
[EventDate "2021.??.??"]
[TimeControl "10+5"]
[WhiteClock "0:06:17"]
[BlackClock "0:01:05"]

1. d4 d5 2. c4 c6 3. Nf3 Nf6 4. Nc3 e6 5. Bf4 Be7 6. e3 O-O 7. cxd5 exd5 8.
Bd3 Bg4 9. O-O Nbd7 10. h3 Bh5 11. Be2 Bg6 12. Nh4 Rc8 13. Nxg6 hxg6 14. Bf3 Qb6 15. Rb1 a6 16. Qe2 Rfe8 17. Rfc1 Qa7 18. b3 Ba3 19. Rc2 Bb4 20. Na4 b5 21. Nb2 c5 22. Nd3 Ba3 23. dxc5 Nxc5 24. Nxc5 Rxc5 25. Rxc5 Qxc5 26. Qd3 Rc8 27. Rd1 Rd8 28. Be5 Qe7 29. Bxf6 Qxf6 30. Bxd5 Qe5 31. Bxf7+ Kxf7 32. Qxd8 Be7 33. Qd5+ Qxd5 34. Rxd5 Ke6 35. e4 Bd8 36. Rxd8 1-0

[Event "Dvaro taure"]
[Site "Taujenai, Lithuania"]
[Date "2021.11.28"]
[Round "6.17"]
[White "Paliulis, Aivaras"]
[Black "Griksaite, Ieva"]
[Result "0-1"]
[WhiteElo "1714"]
[BlackElo "1518"]
[PlyCount "38"]
[EventDate "2021.??.??"]
[TimeControl "10+5"]
[WhiteClock "0:10:30"]
[BlackClock "0:08:58"]

1. e4 c5 2. Nc3 Nc6 3. g3 g6 4. Bg2 Bg7 5. d3 d6 6. Be3 Nf6 7. f3 O-O 8.
Qd2 Rb8 9. Bh6 b5 10. h4 Nd4 11. Nd1 Bxh6 12. Qxh6 Nxc2+ 13. Kd2
Nxa1 14. g4 Qa5+ 15. Nc3 b4 16. Nd5 b3+ 17. Ke3 Nxd5+ 18. exd5 Qe1+ 19. Kf4 Qe5# 0-1

[Event "Dvaro taure"]
[Site "Taujenai, Lithuania"]
[Date "2021.11.28"]
[Round "6.18"]
[White "Jasas, Ignas"]
[Black "Muralis, Aloyzas"]
[Result "0-1"]
[WhiteElo "1216"]
[BlackElo "1748"]
[PlyCount "58"]
[EventDate "2021.??.??"]
[TimeControl "10+5"]
[WhiteClock "0:00:14"]
[BlackClock "0:02:56"]

1. e4 e5 2. Nf3 Nc6 3. Bb5 Bc5 4. O-O Qf6 5. Nc3 Nge7 6. Bxc6 dxc6 7. d4 exd4 8. Bg5 Qg6 9. Na4 Bb6 10. Bxe7 Kxe7 11. Nxb6 cxb6 12. Qxd4 Re8 13. Rad1 Kf8 14. Rfe1 Kg8 15. Kf1 h6 16. e5 Qxc2 17. Re2 Qg6 18. Qf4 Be6 19. Red2 Bd5 20. Nh4 Qg5 21. Qxg5 hxg5 22. Nf5 Rxe5 23. Ne3 Rd8 24. Ng4 Re6 25. Ne3 Red6 26. Ke1 b5 27. Ke2 a5 28. a3 g6 29. g4 Bf3+ 0-1

[Event "Dvaro taure"]
[Site "Taujenai, Lithuania"]
[Date "2021.11.28"]
[Round "6.19"]
[White "Kurmis, Edvinas"]
[Black "Zalimas, Ugnius"]
[Result "1-0"]
[WhiteElo "1665"]
[BlackElo "1392"]
[PlyCount "85"]
[EventDate "2021.??.??"]
[TimeControl "10+5"]
[WhiteClock "0:00:42"]
[BlackClock "0:00:47"]

1. e4 c5 2. Nf3 d6 3. d4 cxd4 4. Nxd4 Nf6 5. Nc3 g6 6. Be3 Bg7 7. Qd2 O-O 8.
Bh6 Nc6 9. Bxg7 Kxg7 10. Nb3 Bd7 11. Bd3 Rc8 12. a3 Ne5 13. O-O Nxd3 14. cxd3 a6 15. Kh1 Bc6 16. Nd4 Qd7 17. f4 e5 18. Nde2 exf4 19. Nxf4 Rfe8 20. Rae1 Ng4 21. h3 Ne5 22. Re3 Qe7 23. Rg3 Qh4 24. Kh2 Qh6 25.
Qe2 Rcd8 26. a4 b5 27. b3 bxa4 28. bxa4 Rc8 29. d4 Nd7 30. d5 Bb7 31. Qb2 Nc5 32. Nb5+ Kf8 33. Nxd6 Nxe4 34. Nxe4 Bxd5 35. Qh8+ Ke7 36. Nxd5+ Ke6 37. Qd4 Rcd8 38. Nc7+ Ke7 39. Qc5+ Kd7 40. Rd3+ Kc8 41. Nxe8+ Kb7 42. Qc7+ Ka8 43. Rxd8# 1-0

[Event "Dvaro taure"]
[Site "Taujenai, Lithuania"]
[Date "2021.11.28"]
[Round "6.20"]
[White "Praspaliauskas, Matas"]
[Black "Vainermanas, Berelis"]
[Result "1/2-1/2"]
[WhiteElo "1443"]
[BlackElo "1663"]
[PlyCount "60"]
[EventDate "2021.??.??"]
[TimeControl "10+5"]
[WhiteClock "0:00:08"]
[BlackClock "0:02:05"]

1. e4 d6 2. d4 Nf6 3. Nc3 g6 4. g3 Bg7 5. Bg2 O-O 6. Nf3 c5 7. dxc5 Qa5 8.
O-O Qxc5 9. Re1 Nc6 10. Nd5 Nxd5 11. exd5 Nb4 12. c3 Nxd5 13. Ng5 e6 14. Bxd5 exd5 15. Qf3 h6 16. Nxf7 Bh3 17. Re7 Qc4 18. b3 Bg4 19. Nxh6+ Bxh6 20. Bxh6 Rxf3 21. bxc4 Bf5 22. Be3 dxc4 23.
Rxb7 a5 24. Rd1 Ra6 25. Re7 Bd3 26. Bd4 d5 27. Rde1 Rf7 28. Re8+ Rf8 29. R8e7 Rf7 30. Re8+ Rf8 1/2-1/2

[Event "Dvaro taure"]
[Site "Taujenai, Lithuania"]
[Date "2021.11.28"]
[Round "6.21"]
[White "Cmilis, Viktoras"]
[Black "Matulaitis, Mantas"]
[Result "1-0"]
[WhiteElo "1621"]
[BlackElo "1176"]
[PlyCount "65"]
[EventDate "2021.??.??"]
[TimeControl "10+5"]
[WhiteClock "0:00:56"]
[BlackClock "0:00:18"]

1. d4 b6 2. c4 e6 3. Nf3 Bb7 4. e3 d5 5. Nc3 Nf6 6. g3 Ba6 7. b3 Bb4 8. Bb2 Ne4 9. Qc2 Qf6 10. Be2 O-O 11. O-O Bxc3 12. Bxc3 Nd7 13. Bb4 c5 14. Ba3 Rfe8 15. dxc5 Ndxc5 16. Bb2 Qh6 17. Kg2 Ng5 18. h4 Nge4 19. Nh2 f5 20. b4 Nb7 21. b5 Bxb5 22. cxb5 Rac8 23. Qd3 Nbc5 24. Qd4 g5 25. hxg5 Nxg5 26. Qh4 Qg6 27. Bh5 Kf7 28. Bxg6+ Kxg6 29. f4 Nf7 30. Qf6+ Kh5 31. Nf3 Rg8 32. Rh1+ Kg4 33. Rh4# 1-0

[Event "Dvaro taure"]
[Site "Taujenai, Lithuania"]
[Date "2021.11.28"]
[Round "6.22"]
[White "Velicka, Ramunas"]
[Black "Mikolavicius, Julius"]
[Result "1-0"]
[WhiteElo "1606"]
[BlackElo "1152"]
[PlyCount "79"]
[EventDate "2021.??.??"]
[TimeControl "10+5"]
[WhiteClock "0:05:31"]
[BlackClock "0:06:22"]

1. e4 e5 2. Nf3 Nc6 3. d4 exd4 4. Nxd4 Nxd4 5. Qxd4 Nf6 6. Bc4 b6 7. e5 Bc5 8. Qf4 d5 9. Bb5+ Nd7 10. Bc6 Rb8 11. e6 fxe6 12. O-O Bb7 13.
Re1 Bxc6 14. Rxe6+ Be7 15. Rxc6 Bd6 16. Qe3+ Ne5 17. f4 Bc5 18.
Rxc5 bxc5 19. Qxe5+ Qe7 20. Qxe7+ Kxe7 21. Be3 Rxb2 22. Bxc5+ Kd7 23. Na3 Rb7 24. Rd1 c6 25. c4 Ke6 26. Re1+ Kf5 27. cxd5 cxd5 28. g3 Rd7 29. Re5+ Kf6 30. Nb5 Ra8 31. Nd4 h6 32. g4 g5 33. Rf5+ Kg6 34. fxg5 hxg5 35. Nf3 Rc8 36. Ne5+ Kg7 37. Nxd7 Rc7 38. Rxd5 Kf7 39. Rf5+ Ke6 40. Nf8# 1-0

[Event "Dvaro taure"]
[Site "Taujenai, Lithuania"]
[Date "2021.11.28"]
[Round "6.23"]
[White "Aleidzans, Vadims"]
[Black "Mikulinaite, Meta"]
[Result "1-0"]
[WhiteElo "1563"]
[BlackElo "1104"]
[PlyCount "64"]
[EventDate "2021.??.??"]
[TimeControl "10+5"]
[WhiteClock "0:01:02"]

1. e4 e5 2. Nf3 Nc6 3. Bb5 Bc5 4. c3 a6 5. Bxc6 bxc6 6. Nxe5 Qg5 7. O-O Qxe5 8. d4 Bxd4 9. cxd4 Qe6 10. Nc3 Ne7 11. Bf4 d6 12. Re1 O-O 13.
Qd2 Ng6 14. Bg3 Re8 15. Rac1 Bb7 16. h3 Rab8 17. f4 Qd7 18. f5 Ne7 19. Rf1 Nc8 20. f6 gxf6 21. Rxf6 Ne7 22. Rcf1 Rf8 23. e5 dxe5 24. Bxe5 Ng6 25. Qg5 Rbe8 26. Ne4 Rxe5 27. dxe5 Qd4+ 28. Nf2 Qxb2 29. Ng4 Qd4+ 30. Kh1 Kh8 31. Nh6 c5 32. Nxf7+ Kg7 1-0

[Event "Dvaro taure"]
[Site "Taujenai, Lithuania"]
[Date "2021.11.28"]
[Round "6.24"]
[White "Mecelis, Arturas (J)"]
[Black "Griksaite, Ruta"]
[Result "1-0"]
[WhiteElo "1562"]
[BlackElo "1098"]
[PlyCount "133"]
[EventDate "2021.??.??"]
[TimeControl "10+5"]
[WhiteClock "0:00:33"]
[BlackClock "0:02:39"]

1. d4 Nf6 2. c4 e6 3. Nc3 d5 4. Nf3 c6 5. Bg5 Nbd7 6. e3 Qa5 7. a3 Be7 8. b4 Qd8 9. c5 h6 10. Bh4 O-O 11. Bd3 Nh7 12. Bg3 Ndf6 13. Qc2 Re8 14. Ne5 Nf8 15. O-O N6d7 16. f4 Nxe5 17. fxe5 f5 18. exf6 Bxf6 19. Bg6 Nxg6 20. Qxg6 Kh8 21. Be5 Rf8 22. Ra2 Bxe5 23. dxe5 Bd7 24. Raf2 Rxf2 25. Rxf2 Qg8 26. Qf7 Qxf7 27. Rxf7 Rd8 28. Ne2 Kg8 29. Rf4 Rf8 30. Nd4 Rxf4 31. exf4 a6 32. g4 g6 33. Kf2 Kg7 34. Kf3 Kf7 35.
Kg3 Kg7 36. h4 Kh7 37. Kf3 Kg7 38. Ke3 Kf7 39. Kd3 Ke7 40. Nf3 Kf7 41. Kd4 Ke7 42. Kc3 Kf7 43. Kb3 Bc8 44. Ka4 Ke7 45. Ka5 Kd7 46. Kb6 Kd8 47. Nd4 Kd7 48. Nb3 Kd8 49. Nd4 Kd7 50. a4 Kd8 51. b5 axb5 52.
axb5 cxb5 53. Nxb5 Kd7 54. Nd4 Kd8 55. c6 bxc6 56. Kxc6 Ke7 57. Kb6 Bd7 58. Kc5 Ba4 59. f5 gxf5 60. gxf5 Bd7 61. f6+ Kf7 62. Kd6 h5 63. Kxd7 Kf8 64. Nxe6+ Kf7 65. Nd4 Kf8 66. e6 Kg8 67.
e7 1-0

[Event "Dvaro taure"]
[Site "Taujenai, Lithuania"]
[Date "2021.11.28"]
[Round "6.25"]
[White "Alejunaite, Milda"]
[Black "Bubnys, Marius"]
[Result "0-1"]
[WhiteElo "1171"]
[BlackElo "1490"]
[PlyCount "58"]
[EventDate "2021.??.??"]
[TimeControl "10+5"]
[WhiteClock "0:04:45"]
[BlackClock "0:07:01"]

1. e4 d6 2. d4 Nf6 3. Nc3 g6 4. Nf3 Bg7 5. Bc4 c5 6. dxc5 Qa5 7. O-O Qxc5 8.
Bb5+ Bd7 9. Be3 Qc7 10. h3 O-O 11. a3 Nc6 12. Nd5 Nxd5 13. Bxc6 Nxe3 14. fxe3 Bxc6 15. Qd3 Bxb2 16. Rab1 Bg7 17. Nd4 a6 18. Nxc6 Qxc6 19. Qd5 Qxd5 20. exd5 b5 21. e4 Rac8 22. Rfc1 Bh6 23. Rd1 Rxc2 24. Re1 Rfc8 25. e5 Rc1 26. exd6 exd6 27. Kf2 Rxb1 28. Rxb1 Rc2+ 29. Kf1 Rc1+ 0-1

[Event "Dvaro taure"]
[Site "Taujenai, Lithuania"]
[Date "2021.11.28"]
[Round "6.26"]
[White "Mikolavicius, Marius"]
[Black "Mendelis, Mantas"]
[Result "0-1"]
[WhiteElo "1062"]
[BlackElo "1021"]
[PlyCount "109"]
[EventDate "2021.??.??"]
[TimeControl "10+5"]
[WhiteClock "0:00:10"]
[BlackClock "0:00:35"]

1. e4 e5 2. Nf3 Nc6 3. Bb5 a6 4. Ba4 b5 5. Bb3 d6 6. c3 Bg4 7. d4 exd4 8.
cxd4 Qf6 9. h3 Bh5 10. O-O Bxf3 11. Qxf3 Qxf3 12. gxf3 Nxd4 13. Kg2 Nf6 14. Re1 Nxb3 15. axb3 Be7 16. Nc3 c6 17. Bg5 O-O 18. Bxf6 Bxf6 19. Rad1 Rad8 20. Ra1 Ra8 21. Rad1 Rad8 22. Ra1 Ra8 23. Rad1 Rfd8 24. Rd2 h5 25. Red1 Be5 26. Ne2 g5 27. Nd4 c5 28. Nc6 Bf4 29. Rd5 Re8 30.
Re1 Rac8 31. Na7 Rc7 32. Nxb5 axb5 33. Ra1 c4 34. Rxb5 cxb3 35.
Rxb3 Be5 36. Rb5 Rf8 37. Raa5 Re7 38. b3 f5 39. exf5 Rxf5 40. Rb8+ Kf7 41. Raa8 Rd7 42. Rf8+ Kg6 43. Rg8+ Kf6 44. Rgf8+ Kg6 45. Rg8+ Kf6 46. Rgf8+ Ke6 47. Rfe8+ Kd5 48. Ra5+ Kc6 49. Rc8+ Kb7 50.
Rc1 Rf4 51. Rb5+ Ka6 52. Rb8 Rb7 53. Ra1+ Kb6 54. Rc8 Bxa1 55.
Rc5 0-1